 Dungeon Crawl Stone Soup version 0.27-a0-1334-g2746e35aca (webtiles) character file.

Game seed: 4710656884411037746

114 spiderkeys the Skirmisher (level 4, -3/33 HPs)
             Began as an Octopode Abyssal Knight on June 26, 2021.
             Was a Follower of Lugonu.
             Slain by an orc (6 damage)
             ... on level 3 of the Dungeon.
             The game lasted 00:04:22 (3226 turns).

spiderkeys the Skirmisher (Octopode Abyssal Knight) Turns: 3226, Time: 00:04:23

Health: -3/33      AC:  1    Str: 12    XL:     4   Next: 98%
Magic:  6/6        EV: 13    Int: 14    God:    Lugonu [*.....]
Gold:   58         SH:  0    Dex: 11    Spells: 3/3 levels left

rFire    + . .     SeeInvis .   a - +1 spear
rCold    + . .     Faith    .   (no shield)
rNeg     . . .     Spirit   .   (helmet restricted)
rPois    .         Reflect  .   (no amulet)
rElec    .         Harm     .   F - ring of protection from fire
rCorr    .         Rampage  .   C - ring of protection from cold
Will     .....                  (no ring)
Stlth    ++........             (no ring)
HPRegen  0.11/turn              (no ring)
MPRegen  0.10/turn              (no ring)
                                (no ring)
                                (no ring)

@: no status effects
A: almost no armour, amphibious, 8 rings, camouflage 1, gelatinous body 1,
(nimble swimmer 1), tentacles
a: Renounce Religion, Depart the Abyss


You were on level 3 of the Dungeon.
You worshipped Lugonu.
Lugonu was aware of your devotion.
You visited 1 branch of the dungeon, and saw 3 of its levels.
You visited the Abyss 1 time.

You collected 58 gold pieces.


Innate Abilities, Weirdness & Mutations

You cannot wear most types of armour.
You are amphibious.
You can wear up to eight rings at the same time.
Your skin changes colour to match your surroundings (Stealth+).
Your rubbery body absorbs attacks. (AC +1, EV +1)
((You are camouflaged near water. (Stealth+)))
You have tentacles for arms and can constrict up to eight enemies at once.


   Skills:
 + Level 3.7 Fighting
 + Level 3.0 Polearms
 + Level 3.2 Dodging
 + Level 3.1 Invocations


You had 3 spell levels left.
You didn't know any spells.
Your spell library was empty.

Inventory:

Hand Weapons
 a - a +1 spear (weapon)
Missiles
 b - 100 stones
 n - 6 boomerangs
 r - 15 bolts
Jewellery
 f - a ring of fire
   (You found it on level 2 of the Dungeon)
 C - a ring of protection from cold (right tentacle)
   (You found it on level 2 of the Dungeon)
 F - a ring of protection from fire (left tentacle)
   (You found it on level 1 of the Dungeon)
Scrolls
 d - a scroll of summoning {unknown}
 g - a scroll of teleportation {@r4}
 k - a scroll of noise {unknown}
 o - a scroll of acquirement {unknown}
 s - 2 scrolls of identify {@r1}
Potions
 c - 3 potions of attraction {unknown}
 h - a potion of magic {unknown}
 i - 2 potions of curing {unknown}
 j - a potion of ambrosia {unknown}
 l - a potion of heal wounds {unknown}
 m - a potion of resistance {unknown}
 p - a potion of haste {@q3}
 q - a potion of might {unknown}

Dungeon Overview and Level Annotations

Branches:
Dungeon (3/15)

Altars:
Zin

Annotations:
D:3 Natasha

################
##..?...#§@§....#
#...#.#.#ooo.♣..♣. .
#.olo.O?§§≈.≈K≈≈
#...##.o....P≈.o≈≈≈
#...>....o..P≈.≈≈≈≈oo≈
#.#########.♣K≈≈≈≈≈≈h≈
#.# #..♣≈≈≈.≈≈♣ #.#
#...≈≈♣≈b♣≈ #.#
###K....♣.


You could see an ogre, Natasha, 8 orcs, a bat and a kobold.


Message History

Your surroundings suddenly seem different.
You now have 58 gold pieces (gained 12).
c - 3 brown potions (gained 1)
A bat comes into view.
A frilled lizard comes into view.
You reach to attack!
The helpless bat fails to defend itself.
You hit the bat. The bat completely misses you.
You miss the bat. You grab the bat. You constrict the bat. The bat misses you.
The bat hits you but does no damage.
The bat struggles to escape constriction.
You hit the bat.
You kill the bat!
Lugonu accepts your kill.
A frilled lizard is nearby!
You reach to attack!
The helpless frilled lizard fails to defend itself.
You hit the frilled lizard. You barely miss the frilled lizard.
Your grab misses the frilled lizard. The frilled lizard barely misses you.
You closely miss the frilled lizard. You grab the frilled lizard.
You constrict the frilled lizard.
You kill the frilled lizard!
Lugonu accepts your kill.
No target in view!
s - a scroll of identify {@r1} You see here a frilled lizard corpse.
You see here a +0 dagger.
s - 2 scrolls of identify {@r1} (gained 1)
An ogre comes into view. It is wielding a +0 giant club.
No target in view!
The ogre shouts!
Okay, then.
Throw: 6 boomerangs
Press: ? - help, Shift-Dir - straight line, f - ogre
Aim: an ogre, wielding a +0 giant club (72% to hit)
You throw a boomerang. The boomerang hits the ogre.
Throw: 6 boomerangs
Press: ? - help, Shift-Dir - straight line, f/p - ogre
Aim: an ogre, wielding a +0 giant club (lightly wounded, 72% to hit)
You throw a boomerang. The boomerang hits the ogre.
Throw: 6 boomerangs
Press: ? - help, Shift-Dir - straight line, f/p - ogre
Aim: an ogre, wielding a +0 giant club (lightly wounded, 72% to hit)
You throw a boomerang. The boomerang hits the ogre.
A giant cockroach comes into view.
The giant cockroach moves out of view.
Reach: a) +1 spear
Press: ? - help, Dir - move target, f/p - ogre
Aim: an ogre, wielding a +0 giant club (moderately wounded, about 24% to evade your +1 spear)
You reach to attack!
You closely miss the ogre.
A kobold comes into view. It is wielding a +0 short sword.
The kobold shouts!
You hit the ogre. Your squeeze misses the ogre.
The ogre hits you with a +0 giant club! 😮 HP[-10]
You take 10 damage, and now have 23/33 hp.
MASSIVE DAMAGE!! (PAUSE)
You hit the ogre. The ogre hits you with a +0 giant club!
* * * LOW HITPOINT WARNING * * *
😱 HP[-16]
You take 16 damage, and now have 7/33 hp.
MASSIVE DAMAGE!! (PAUSE)
The kobold throws a stone.
The stone hits you.
* * * LOW HITPOINT WARNING * * *
😱 HP[-1]
You take 1 damage, and now have 6/33 hp.
The kobold throws a stone.
The stone barely misses you. 😱 HP[+1]
A kobold comes into view.
It is wielding a +0 short sword. 2 orcs come into view.
A bat and an orc come into view.
The kobold shouts!
An orc comes into view. It is wielding a +0 club.
The orc shouts! x2; You hear a shout! 2 orcs and an orc priest come into view.
The orc shouts! x2; You hear a shout!
An iguana comes into view.
The orc moves out of view.
You hear a shout!
The iguana hisses angrily.
Found a stone staircase leading down.
An orc comes into view. It is wielding a +0 whip. 😱 HP[+1]
An orc comes into view. It is wielding a +0 war axe.
The orc shouts!
The orc barely misses you. The orc barely misses you.
The ogre hits you with a +0 giant club.
* * * LOW HITPOINT WARNING * * *
😱 HP[-5]
You take 5 damage, and now have 3/33 hp.
An orc comes into view. It is wielding a +0 club.
The orc shouts!
You hear an angry hiss.
The orc throws a boomerang.
The boomerang closely misses you.
Natasha, Servant of Life and Death comes into view.
Natasha casts a spell.
The orc shouts!
As you read the scroll of fog, it crumbles to dust.
The scroll dissolves into smoke.
The orc closely misses you. The orc hits you with a +0 club.
You die...

Skill      XL: |  1  2  3  4 |
---------------+-------------+-----
Dodging        | 3 |  3.2
Invocations    | 3 |  3.1
Polearms       | 3 |  3.0
Fighting       | |  3.7

Action                   |  1- 3 |  4- 6 || total
-------------------------+-------+-------++-------
Melee: Spear             |    71 |    46 ||   117
       Constrict         |    11 |     9 ||    20
       Tentacles         |     7 |     8 ||    15
Throw: Boomerang         |       |     3 ||     3
Invok: Depart the Abyss  |     1 |       ||     1
  Use: Scroll            |     1 |     3 ||     4
 Stab: Sleeping          |     8 |     4 ||    12
Armor: Skin              |       |     3 ||     3
Dodge: Dodged            |    24 |    21 ||    45

Levels and vault maps discovered:
D:1:      dpeg_arrival_rooms_a, layout_basic, shapermc_ecumenical_altar_gd
D:2:      layout_basic, chequers_decorated_corner, minmay_tetromino_t4,
          uniq_robin, uniq_jessica
D:3:      layout_loops_ring, amcnicky_altar_gilded, hangedman_decor_growths,
          serial_bayou_pond_b, uniq_natasha, uniq_ijyb

Notes
Turn   | Place    | Note
-------+----------+-------------------------------------------
     0 | Abyss:1  | spiderkeys the Octopode Abyssal Knight began the quest for
                  | the Orb.
     0 | Abyss:1  | Reached XP level 1. HP: 16/16 MP: 2/2
     0 | Abyss:1  | magus.rc [v1.9.10]
    82 | Abyss:1  | Found a corrupted altar of Lugonu.
   111 | Abyss:2  | Noticed a large abomination
   113 | Abyss:2  | Found a corrupted altar of Lugonu.
   167 | Abyss:2  | Noticed a large abomination
   169 | Abyss:2  | Noticed a neqoxec
   173 | D:1      | You pass through the gate.
   173 | D:1      | Escaped the Abyss
   432 | D:1      | Found a faded altar of an unknown god.
   547 | D:1      | Reached XP level 2. HP: 18/21 MP: 3/3
   680 | D:1      | HP: 4/21 [hobgoblin (4)]
   683 | D:1      | Reached * piety under Lugonu
   936 | D:1      | Reached XP level 3. HP: 26/26 MP: 4/4
  1684 | D:2      | Noticed Robin
  1708 | D:2      | HP: 4/26 [goblin[Robin] (4)]
  1711 | D:2      | HP: 1/26 [Robin/goblin (1)]
  1772 | D:1      | HP: 3/26 [hobgoblin[Robin] (2)]
  2190 | D:2      | Noticed Jessica
  2196 | D:2      | Killed Jessica
  2197 | D:2      | Reached skill level 3 in Dodging
  2197 | D:2      | Reached XP level 4. HP: 18/31 MP: 4/6
  2521 | D:2      | Reached skill level 3 in Invocations
  2529 | D:1      | Killed Robin
  2670 | D:2      | Reached skill level 3 in Polearms
  3103 | D:3      | Found a glowing silver altar of Zin.
  3193 | D:3      | Noticed an ogre
  3201 | D:3      | HP: 7/33 [ogre (16)]
  3206 | D:3      | HP: 6/33 [kobold/stone (1)]
  3223 | D:3      | HP: 3/33 [ogre (5)]
  3225 | D:3      | Noticed Natasha
  3226 | D:3      | Slain by an orc

Vanquished Creatures
  Jessica (D:2)
  Robin (D:1)
  A gnoll (D:1)
  An adder (D:2)
  A worm (D:2)
  A dart slug (D:1)
  5 endoplasms
  12 goblins
  8 hobgoblins
  3 quokkas
  5 ball pythons (D:2)
  2 bats
  2 frilled lizards
  5 kobolds
  3 rats
51 creatures vanquished.

Table legend:
 A = Non-vault XP
 B = Vault XP
 C = Vault XP percentage of total XP
 D = Non-vault monster count
 E = Vault monster count
 F = Vault count percentage of total count
                 A         B        C        D         E       F
            +---------+---------+-------+---------+---------+-------
      Total |      88 |      76 |  46.3 |      36 |      15 |  29.4
            +---------+---------+-------+---------+---------+-------
        D:1 |      44 |      19 |  30.2 |      18 |       3 |  14.3
        D:2 |      41 |      57 |  58.2 |      16 |      12 |  42.9
        D:3 |       3 |       0 |   0.0 |       2 |       0 |   0.0
            +---------+---------+-------+---------+---------+-------

Illustrated notes

Table legend:
 A = Kills in this place as a percentage of kills in entire the game.
 B = Kills by you in this place as a percentage of kills by you in the entire game.
 C = Kills by friends in this place as a percentage of kills by friends in the entire game.
 D = Other kills in this place as a percentage of other kills in the entire game.
 E = Experience gained in this place as a percentage of experience gained in the entire game.
 F = Experience gained in this place divided by the number of levels of this place that you have seen.
                   A       B       C       D       E      F
               +-------+-------+-------+-------+-------+----------------------
         Total | 100.0 | 100.0 |   N/A |   N/A | 100.0 |  32.8
       Dungeon | 100.0 | 100.0 |   N/A |   N/A | 100.0 |  54.7
               +-------+-------+-------+-------+-------+----------------------

Table legend: (Time is in decaauts)
 A = Elapsed time spent in this place.
 B = Non-inter-level travel time spent in this place.
 C = Inter-level travel time spent in this place.
 D = Time resting spent in this place.
 E = Time spent auto-exploring this place.
 F = Levels seen in this place.
 G = Mean time per level.
                   A        B        C        D        E       F      G
               +--------+--------+--------+--------+--------+-----+--------+
         Total |   3224 |   3171 |     53 |    541 |   2009 |   5 |  644.8 |
       Dungeon |   3052 |   2999 |     53 |    541 |   1907 |   3 | 1017.3 |
         Abyss |    172 |    172 |      0 |      0 |    102 |   2 |   86.0 |
               +--------+--------+--------+--------+--------+-----+--------+

Top non-repeatable levels by time:
     D:1: 1938 daAuts
     D:2: 964 daAuts
     D:3: 149 daAuts
 Abyss:1: 109 daAuts
 Abyss:2: 63 daAuts
